 Dungeon Crawl Stone Soup version 0.21-a0-200-gb89f83b (webtiles) character file.

19 Leibowitz the Charmwright (level 2, -1/23 HPs)
             Began as a Gnoll Skald on Aug 16, 2017.
             Slain by a leopard gecko (2 damage)
             ... on level 2 of the Dungeon.
             The game lasted 00:03:51 (860 turns).

Leibowitz the Charmwright (Gnoll Skald)              Turns: 860, Time: 00:03:51

Health: -1/23      AC:  3    Str:  7    XL:     2   Next: 75%
Magic:  0/6        EV: 11    Int:  7    God:
Gold:   14         SH:  0    Dex:  7    Spells: 2/7 levels left

rFire    . . .     SeeInvis .   a - +0 short sword
rCold    . . .     Gourm    .   (no shield)
rNeg     . . .     Faith    .   b - +0 leather armour
rPois    .         Spirit   +   (no helmet)
rElec    .         Reflect  .   (no cloak)
rCorr    .         Harm     .   (no gloves)
MR       .....                  (no boots)
Stlth    +.........             g - amulet of guardian spirit
HPRegen  0.07/turn              (no ring)
MPRegen  0.10/turn              (no ring)

@: flying
A: unchanging attributes, fangs 1, strong nose
a: no special abilities


You were on level 2 of the Dungeon.
You were not hungry.

You visited 1 branch of the dungeon, and saw 2 of its levels.

You collected 14 gold pieces.

Inventory:

Hand Weapons
 a - a +0 short sword (weapon)
Armour
 b - a +0 leather armour (worn)
Jewellery
 g - an amulet of guardian spirit (around neck)
Scrolls
 i - a scroll of amnesia {unknown}
 k - a scroll of teleportation {unknown}
Potions
 f - a potion of curing {unknown}
Books
 c - a book of Battle

   Spells                             Type                      Level
   a - Infusion                       Charms                       1
   b - Shroud of Golubria             Charms/Translocation         2
   c - Song of Slaying                Charms                       2
   d - Spectral Weapon                Hexes/Charms                 3
   e - Regeneration                   Charms/Necromancy            3
Comestibles
 d - 2 bread rations
 h - 3 chunks of flesh
 j - a fruit


   Skills:
 * Level 2.9 Fighting
 * Level 2.9 Short Blades
 * Level 1.7 Armour
 * Level 2.6 Dodging
 * Level 0.6 Stealth
 * Level 3.2 Spellcasting
 * Level 4.5 Charms


You had 2 spell levels left.
You knew the following spells:

 Your Spells              Type           Power        Failure   Level  Hunger
a - Infusion              Chrm           #...         8%          1    ##.....
b - Song of Slaying       Chrm           #.......     12%         2    ###....
c - Shroud of Golubria    Chrm/Tloc      #.........   28%         2    ###....


Dungeon Overview and Level Annotations

Branches:
Dungeon (1/15)

Altars:


Innate Abilities, Weirdness & Mutations

Your physical attributes are unchanging.
You have very sharp teeth.
Your uncanny sense of smell can sniff out nearby items.


Message History

A frilled lizard comes into view.
The frilled lizard hisses angrily.
The frilled lizard bites you but does no damage.
The leopard gecko closely misses you.
You see here a scroll labeled OTARUCOCOE.
The frilled lizard bites you.
* * * LOW HITPOINT WARNING * * *
Found a stone staircase leading down.
The leopard gecko bites you.
* * * LOW HITPOINT WARNING * * *
There is a stone staircase leading down here.
You barely miss the leopard gecko.
The leopard gecko bites you but does no damage.
You barely miss the leopard gecko. The leopard gecko closely misses you.
You miss the leopard gecko. The leopard gecko bites you.
* * * LOW HITPOINT WARNING * * *
It was a potion of flight.
You feel very buoyant.
You fly up into the air.
The leopard gecko bites you.
You die...

#.# ###.### ∆ #.....#
##### #.....##.....
#...........# ∆
#......# .# ##....?.###
.# .## .
#!..##....##.#...>.
.......#.##..ll@.......
....$..#.##...##.#.##..
...................
#..................#
#..................#
#.................#.
##...............###.
#..............## #.
##........#..##.#


You could see a leopard gecko and a frilled lizard.

Vanquished Creatures
  3 dart slugs (D:1)
  4 hobgoblins (D:1)
  A kobold (D:1)
  3 bats (D:1)
  A goblin (D:1)
  2 rats (D:1)
14 creatures vanquished.

Notes
Turn   | Place    | Note
-------+----------+-------------------------------------------
     0 | D:1      | Leibowitz the Gnoll Skald began the quest for the Orb.
     0 | D:1      | Reached XP level 1. HP: 17/17 MP: 4/4
   227 | D:1      | Reached XP level 2. HP: 12/23 MP: 0/6
   654 | D:1      | Learned a level 2 spell: Song of Slaying
   657 | D:1      | Learned a level 2 spell: Shroud of Golubria
   827 | D:1      | You fall through a shaft!
   859 | D:2      | HP: 1/23 [leopard gecko (1)]
   860 | D:2      | Slain by a leopard gecko

Vault maps used:
D:1:      dpeg_arrival_lava_altar, minmay_misc_feat_enclosed, st_stairs_8,
          nrook_uturn
D:2:      first_bread, uniq_robin

Action                   || total
-------------------------++-------
Melee: Short sword       ||    83
       Bite              ||     3
 Cast: Infusion          ||     4
       Shroud of Golubri ||     1
  Use: Scroll            ||     2
       Potion            ||     1
Armor: Leather armour    ||    23
Dodge: Dodged            ||    49
